Washington Capitals vs St.Louis Blues
(R3)
Created - Wednesday, June 18, 2025 at 07:05
Goals
|
| Washington Capitals |
0 |
0 |
2 |
2 |
| St.Louis Blues |
1 |
2 |
0 |
3 |
|
Shots
|
| Washington Capitals |
10 |
11 |
11 |
32 |
| St.Louis Blues |
10 |
14 |
4 |
28 |
|
1st period
1. St.Louis Blues , Dakota Joshua 3 (Elias Pettersson 5, Robert Thomas 10) at 14:47
Penalties :
Dakota Joshua (STL) for Cross-checking (Minor) at 12:29, Owen Tippett (WSH) for Tripping (Minor) at 18:25
2nd period
2. St.Louis Blues , Dakota Joshua 4 (Lars Eller 2, Alex Tuch 4) at 9:03
3. St.Louis Blues , Mark Stone 7 (Alex Tuch 5, Elias Lindholm 11) at 9:35
Penalties :
John Carlson (WSH) for Holding (Minor) at 6:43
3rd period
4. Washington Capitals , Thomas Harley 1 (Alex Ovechkin 7) at 3:39
5. Washington Capitals , Mikael Backlund 4 (Thomas Harley 5, Fabian Zetterlund 1) at 5:59
Penalties :
Jason Robertson (WSH) for Roughing (Minor) at 9:03, John Carlson (WSH) for Attempt to injure (Major / Game Misconduct) at 14:07
Goalie Stats
Jake Oettinger (WSH), 25 saves from 28 shots - (0.893), L, 8-1-1, 59:13 minutes
Connor Hellebuyck (STL), 30 saves from 32 shots - (0.938), W, 9-2-2, 60:00 minutes
Players Stats for Washington Capitals
Player Name G A P +/- PIM S H SB GA TA FO MP PP MP PK MP
------------------------------------------------------------------------------------
Alex Ovechkin 0 1 1 0 0 3 0 1 0 0 0/1 15:39 0:59 0:00
Brad Marchand 0 0 0 1 0 5 1 0 2 0 0/1 19:36 1:00 4:50
Derek Forbort 0 0 0 0 0 1 2 2 0 1 0/0 18:22 0:04 4:45
Drake Batherson 0 0 0 1 0 2 0 1 0 0 0/0 14:38 1:00 0:00
Fabian Zetterlund 0 1 1 -1 0 0 1 0 0 0 0/0 6:49 0:00 0:00
Ian Cole 0 0 0 -1 0 0 1 1 0 0 0/0 18:00 0:00 5:55
Jamie Oleksiak 0 0 0 0 0 0 1 2 1 2 0/0 26:33 1:17 4:42
Jason Robertson 0 0 0 0 2 5 0 0 1 0 1/4 15:46 0:59 0:00
John Carlson 0 0 0 -3 17 0 0 1 0 0 0/0 15:15 0:42 0:00
Jordan Kyrou 0 0 0 -1 0 3 3 0 0 0 0/1 14:11 1:00 1:10
Michael McLeod 0 0 0 -1 0 1 0 0 0 0 3/4 11:32 0:00 4:43
Mikael Backlund 1 0 1 1 0 2 1 0 0 0 9/18 18:41 0:00 5:06
Nick Foligno 0 0 0 0 0 1 0 0 0 0 8/14 16:33 0:00 5:04
Nick Jensen 0 0 0 -1 0 0 0 3 0 0 0/0 18:38 0:38 5:55
Nico Hischier 0 0 0 0 0 3 2 0 0 0 13/18 16:03 0:59 0:16
Owen Tippett 0 0 0 0 2 1 0 0 3 0 0/0 11:20 0:00 0:00
Thomas Harley 1 1 2 2 0 3 0 0 0 0 0/0 22:22 1:17 0:19
Yegor Chinakhov 0 0 0 -2 0 2 1 0 0 0 0/0 9:02 0:00 0:59
Players Stats for St.Louis Blues
Player Name G A P +/- PIM S H SB GA TA FO MP PP MP PK MP
------------------------------------------------------------------------------------
Alex Pietrangelo 0 0 0 1 0 1 2 1 0 0 0/0 21:25 0:00 0:00
Alex Tuch 0 2 2 0 0 1 3 0 0 0 0/0 14:40 4:03 0:55
Brandon Hagel 0 0 0 -1 0 1 1 0 0 1 0/0 17:47 4:33 0:00
Brayden Point 0 0 0 -1 0 5 1 1 0 0 0/0 18:33 5:26 0:00
Colton Parayko 0 0 0 1 0 1 0 1 0 1 0/0 21:38 0:00 0:14
Dakota Joshua 2 0 2 2 2 3 1 0 0 0 0/0 8:07 0:39 0:00
Elias Lindholm 0 1 1 0 0 1 2 0 0 0 4/11 15:15 4:33 0:55
Elias Pettersson 0 1 1 0 0 2 2 1 1 0 3/10 20:25 6:29 0:10
Jaccob Slavin 0 0 0 1 0 0 1 2 0 0 0/0 17:29 0:00 0:47
Jack Eichel 0 0 0 0 0 3 1 1 0 0 12/25 23:12 6:32 0:00
Jake Guentzel 0 0 0 0 0 1 2 0 1 0 2/3 21:27 5:26 0:00
Jake Sanderson 0 0 0 0 0 1 1 1 0 1 0/0 18:32 1:11 0:58
Lars Eller 0 1 1 1 0 2 0 0 0 0 3/7 9:08 0:18 0:54
Logan O'Connor 0 0 0 1 0 1 0 0 0 0 0/0 9:47 0:57 0:54
Mark Stone 1 0 1 0 0 3 0 0 1 0 0/0 14:20 4:33 0:00
Mikhail Sergachev 0 0 0 -1 0 0 1 1 0 2 0/0 13:02 4:00 0:48
Nick Leddy 0 0 0 0 0 2 0 0 0 1 0/0 10:30 0:34 1:11
Robert Thomas 0 1 1 1 0 0 2 1 0 1 3/5 22:42 5:26 0:10
3 Stars
1 - Dakota Joshua (STL)
2 - Thomas Harley (WSH)
3 - Alex Tuch (STL)
Power Play
Washington Capitals - 0 on 2 Attempt(s) - 0.00%
St.Louis Blues - 0 on 3 Attempt(s) - 0.00%
Penalty Kill
Washington Capitals - 3 on 3 Attempt(s) - 100.00%
- Score 0 goal in Penalty Kill
St.Louis Blues - 2 on 2 Attempt(s) - 100.00%
- Score 0 goal in Penalty Kill
Team Stat
Washington Capitals - Hits : 13 - Faceoff Wins : 34 - Blocked Shots : 11 - Penalty Minutes : 21
St.Louis Blues - Hits : 20 - Faceoff Wins : 27 - Blocked Shots : 10 - Penalty Minutes : 2
Official
Referees : Gord Dwyer and Kyle Rehman
Linesman : Travis Toomey and Tyson Baker
Game Notes
11:45 of 2nd period - Penalty Shot by Jake Guentzel for St.Louis Blues - Stopped by Jake Oettinger
John Carlson (WSH) for Attempt to injure (Major / Game Misconduct) at 14:07
John Carlson ejected from game at 14:07 of 3rd period
Finance
Level 1 -- Attendance: 6000 (100.00%) -- Ticket Income $570,000
Level 2 -- Attendance: 5000 (100.00%) -- Ticket Income $285,000
Level 3 -- Attendance: 3000 (100.00%) -- Ticket Income $99,000
Level 4 -- Attendance: 5000 (100.00%) -- Ticket Income $115,000
Luxury Box -- Attendance: 1000 (100.00%) -- Ticket Income $194,000
Game was played at the Scottrade Center.
Total Attendance: 20000 (100.00%)
Total Ticket Income: $1,263,000
Other Income: $442,050
Total Income: $1,705,050
Washington Capitals
5 vs 5 Forward
Center Left Wing Right Wing Time % Phy DF OF
1 Nico Hischier Alex Ovechkin Jason Robertson 30 1 2 2
2 Mikael Backlund Brad Marchand Drake Batherson 30 1 2 2
3 Nick Foligno Owen Tippett Jordan Kyrou 25 1 2 2
4 Michael McLeod Yegor Chinakhov Fabian Zetterlund 15 1 2 2
5 vs 5 Defense
Defense Defense Time % Phy DF OF
1 John Carlson Jamie Oleksiak 30 1 2 2
2 Thomas Harley Derek Forbort 30 1 2 2
3 Ian Cole Nick Jensen 25 1 2 2
4 Thomas Harley Jamie Oleksiak 15 1 2 2
PowerPlay Forward
Center Left Wing Right Wing Time % Phy DF OF
1 Nico Hischier Alex Ovechkin Jason Robertson 50 1 2 2
2 Jordan Kyrou Brad Marchand Drake Batherson 50 1 2 2
PowerPlay Defense
Defense Defense Time % Phy DF OF
1 John Carlson Nick Jensen 50 1 2 2
2 Thomas Harley Jamie Oleksiak 50 1 2 2
Penalty Kill 4 Players Forward
Center Wing Time % Phy DF OF
1 Mikael Backlund Nick Foligno 50 1 2 2
2 Michael McLeod Brad Marchand 50 1 2 2
Penalty Kill 4 Players Defense
Defense Defense Time % Phy DF OF
1 Derek Forbort Jamie Oleksiak 50 1 2 2
2 Nick Jensen Ian Cole 50 1 2 2
Penalty Kill - 3 Players Forward
Forward Time % Phy DF OF
1 Mikael Backlund 50 1 2 2
2 Michael McLeod 50 1 2 2
Penalty Kill - 3 Players Defense
Defense Defense Time % Phy DF OF
1 Derek Forbort Jamie Oleksiak 50 1 2 2
2 Nick Jensen Ian Cole 50 1 2 2
4 vs 4 Forward
Center Wing Time % Phy DF OF
1 Nico Hischier Alex Ovechkin 50 1 2 2
2 Jordan Kyrou Jason Robertson 50 1 2 2
4 vs 4 Defense
Defense Defense Time % Phy DF OF
1 John Carlson Nick Jensen 50 1 2 2
2 Thomas Harley Jamie Oleksiak 50 1 2 2
Last Minutes Offensive
Center Left Wing Right Wing Defense Defense
Nico Hischier Alex Ovechkin Jason Robertson John Carlson Thomas Harley
Last Minutes Defensive
Center Left Wing Right Wing Defense Defense
Mikael Backlund Brad Marchand Nick Foligno Derek Forbort Jamie Oleksiak
Goaltenders
Starting : Jake Oettinger
Backup : Sergei Bobrovsky
Extra Forwards
Normal : Jordan Kyrou, Nick Foligno, Owen Tippett - PP : Drake Batherson, Owen Tippett - PK : Jordan Kyrou
Extra Defensemen
Normal : Derek Forbort, Nick Jensen, Thomas Harley - PP : Derek Forbort - PK : Nick Jensen, Thomas Harley
Penalty Shots
Jason Robertson, Drake Batherson, Yegor Chinakhov, John Carlson, Jordan Kyrou
Scratches
Stefan Noesen (Healthy)
St.Louis Blues
5 vs 5 Forward
Center Left Wing Right Wing Time % Phy DF OF
1 Jack Eichel Jake Guentzel Robert Thomas 40 0 2 3
2 Elias Pettersson Brandon Hagel Brayden Point 31 0 2 3
3 Elias Lindholm Alex Tuch Mark Stone 22 0 3 2
4 Lars Eller Dakota Joshua Logan O'Connor 7 1 2 2
5 vs 5 Defense
Defense Defense Time % Phy DF OF
1 Colton Parayko Alex Pietrangelo 45 1 2 2
2 Jake Sanderson Jaccob Slavin 35 1 2 2
3 Mikhail Sergachev Nick Leddy 20 1 2 2
4 Colton Parayko Alex Pietrangelo 0 1 2 2
PowerPlay Forward
Center Left Wing Right Wing Time % Phy DF OF
1 Robert Thomas Brayden Point Jake Guentzel 60 1 0 4
2 Elias Lindholm Brandon Hagel Mark Stone 40 1 0 4
PowerPlay Defense
Defense Defense Time % Phy DF OF
1 Jack Eichel Elias Pettersson 60 0 1 4
2 Alex Tuch Mikhail Sergachev 40 0 1 4
Penalty Kill 4 Players Forward
Center Wing Time % Phy DF OF
1 Lars Eller Logan O'Connor 50 1 4 0
2 Elias Lindholm Alex Tuch 50 1 4 0
Penalty Kill 4 Players Defense
Defense Defense Time % Phy DF OF
1 Jake Sanderson Colton Parayko 50 1 4 0
2 Jaccob Slavin Nick Leddy 50 1 4 0
Penalty Kill - 3 Players Forward
Forward Time % Phy DF OF
1 Elias Lindholm 50 0 5 0
2 Lars Eller 50 0 5 0
Penalty Kill - 3 Players Defense
Defense Defense Time % Phy DF OF
1 Jake Sanderson Colton Parayko 50 0 5 0
2 Nick Leddy Alex Pietrangelo 50 0 5 0
4 vs 4 Forward
Center Wing Time % Phy DF OF
1 Jack Eichel Jake Guentzel 50 0 2 3
2 Robert Thomas Brayden Point 50 0 2 3
4 vs 4 Defense
Defense Defense Time % Phy DF OF
1 Jake Sanderson Alex Pietrangelo 50 0 3 2
2 Colton Parayko Mikhail Sergachev 50 0 3 2
Last Minutes Offensive
Center Left Wing Right Wing Defense Defense
Robert Thomas Jake Guentzel Brayden Point Jack Eichel Alex Pietrangelo
Last Minutes Defensive
Center Left Wing Right Wing Defense Defense
Elias Lindholm Logan O'Connor Robert Thomas Alex Pietrangelo Colton Parayko
Goaltenders
Starting : Connor Hellebuyck
Backup : Scott Wedgewood
Extra Forwards
Normal : Brayden Point, Brandon Hagel, Mark Stone - PP : Brandon Hagel, Dakota Joshua - PK : Robert Thomas
Extra Defensemen
Normal : Jake Sanderson, Mikhail Sergachev, Colton Parayko - PP : Mikhail Sergachev - PK : Jaccob Slavin, Nick Leddy
Penalty Shots
Elias Pettersson, Jack Eichel, Brayden Point, Jake Guentzel, Robert Thomas
Scratches
Jack Roslovic (Healthy), Adam Pelech (Healthy)
% Time on Ice - Washington Capitals
Lines # - Real PCT - Wanted PCT - Time Play
Normal Forward
1 - 30% - 30% - 14:05
2 - 30% - 30% - 14:07
3 - 24% - 25% - 11:19
4 - 15% - 15% - 6:49
Normal Defense
1 - 31% - 30% - 14:22
2 - 30% - 30% - 13:53
3 - 25% - 25% - 11:26
4 - 14% - 15% - 6:39
PP Forward
1 - 50% - 50% - 0:59
2 - 50% - 50% - 1:00
PP Defense
1 - 35% - 50% - 0:42
2 - 65% - 50% - 1:17
PK Forward
1 - 52% - 50% - 5:39
2 - 48% - 50% - 5:17
PK Defense
1 - 44% - 50% - 4:51
2 - 56% - 50% - 6:05
PK3 Forward
1 - 0% - 50%
2 - 0% - 50%
PK3 Defense
1 - 0% - 50%
2 - 0% - 50%
44 Forward
1 - 0% - 50%
2 - 0% - 50%
44 Defense
1 - 0% - 50%
2 - 0% - 50%
Last Minute Offensive - 0:45
Last Minute Defensive - 0:00
Total
Forward - 60:00
Defense - 60:00
|
% Time on Ice - St.Louis Blues
Lines # - Real PCT - Wanted PCT - Time Play
Normal Forward
1 - 35% - 40% - 16:01
2 - 29% - 31% - 13:33
3 - 21% - 22% - 9:35
4 - 15% - 7% - 7:10
Normal Defense
1 - 46% - 45% - 21:23
2 - 36% - 35% - 16:49
3 - 18% - 20% - 8:07
4 - 0% - 0% - 0:00
PP Forward
1 - 58% - 60% - 6:23
2 - 42% - 40% - 4:33
PP Defense
1 - 63% - 60% - 6:56
2 - 37% - 40% - 4:00
PK Forward
1 - 45% - 50% - 0:54
2 - 55% - 50% - 1:05
PK Defense
1 - 12% - 50% - 0:14
2 - 88% - 50% - 1:45
PK3 Forward
1 - 0% - 50%
2 - 0% - 50%
PK3 Defense
1 - 0% - 50%
2 - 0% - 50%
44 Forward
1 - 0% - 50%
2 - 0% - 50%
44 Defense
1 - 0% - 50%
2 - 0% - 50%
Last Minute Offensive - 0:00
Last Minute Defensive - 0:46
Total
Forward - 60:00
Defense - 60:00
|
Play-by-Play
1st period
0:01 of 1st period - Jack Eichel wins face-off versus Jason Robertson in neutral zone.
0:38 of 1st period - Wrist shot by Brayden Point.
0:38 of 1st period - Shot Blocked by Jamie Oleksiak.
1:06 of 1st period - Snap shot by Brayden Point.
1:06 of 1st period - Stopped by Jake Oettinger with a rebound.
1:18 of 1st period - Wrist shot by Brad Marchand.
1:18 of 1st period - Deflect By Mikael Backlund.
1:18 of 1st period - Shot Misses the Net.
1:18 of 1st period - Puck is out of play.
1:19 of 1st period - Elias Lindholm wins face-off versus Nick Foligno in St.Louis Blues zone.
1:26 of 1st period - Wrist shot by Mark Stone.
1:26 of 1st period - Stopped by Jake Oettinger without a rebound.
1:27 of 1st period - Nick Foligno wins face-off versus Elias Lindholm in Washington Capitals zone.
1:34 of 1st period - Snap shot by Jordan Kyrou.
1:34 of 1st period - Shot Misses the Net.
1:41 of 1st period - Icing by Thomas Harley.
1:42 of 1st period - Nick Foligno wins face-off versus Jack Eichel in Washington Capitals zone.
2:39 of 1st period - Wrist shot by Jake Guentzel.
2:39 of 1st period - Stopped by Jake Oettinger without a rebound.
2:40 of 1st period - Michael McLeod wins face-off versus Elias Lindholm in Washington Capitals zone.
3:52 of 1st period - Jake Sanderson is hit by Brad Marchand and loses puck.
4:29 of 1st period - Snap shot by Jake Guentzel.
4:29 of 1st period - Deflect By Jack Eichel.
4:29 of 1st period - Stopped by Jake Oettinger with a rebound.
4:39 of 1st period - Wrist shot by Mikael Backlund.
4:39 of 1st period - Shot Blocked by Mikhail Sergachev.
4:52 of 1st period - Logan O'Connor is hit by Jamie Oleksiak and loses puck.
5:34 of 1st period - Snap shot by Jake Guentzel.
5:34 of 1st period - Shot Misses the Net.
5:38 of 1st period - Snap shot by Jake Guentzel.
5:38 of 1st period - Shot Blocked by Derek Forbort.
5:40 of 1st period - Slapshot by Colton Parayko.
5:40 of 1st period - Shot Misses the Net.
6:28 of 1st period - Mikael Backlund is hit by Brayden Point and loses puck.
6:56 of 1st period - John Carlson is hit by Jack Eichel and loses puck.
7:11 of 1st period - Alex Ovechkin is hit by Alex Tuch and loses puck.
7:40 of 1st period - Yegor Chinakhov is hit by Jake Sanderson and loses puck.
8:13 of 1st period - Snap shot by Jake Guentzel.
8:13 of 1st period - Shot Misses the Net.
8:15 of 1st period - Wrist shot by Nick Leddy.
8:15 of 1st period - Stopped by Jake Oettinger without a rebound.
8:16 of 1st period - Nick Foligno wins face-off versus Jack Eichel in Washington Capitals zone.
8:25 of 1st period - Snap shot by Robert Thomas.
8:25 of 1st period - Shot Misses the Net.
8:27 of 1st period - Snap shot by Jack Eichel.
8:27 of 1st period - Stopped by Jake Oettinger with a rebound.
8:29 of 1st period - Snap shot by Nick Leddy.
8:29 of 1st period - Stopped by Jake Oettinger with a rebound.
8:33 of 1st period - Snap shot by Jack Eichel.
8:33 of 1st period - Shot Misses the Net.
9:24 of 1st period - Wrist shot by Brad Marchand.
9:24 of 1st period - Stopped by Connor Hellebuyck with a rebound.
9:26 of 1st period - Wrist shot by Yegor Chinakhov.
9:26 of 1st period - Stopped by Connor Hellebuyck with a rebound.
9:28 of 1st period - Snap shot by Michael McLeod.
9:28 of 1st period - Stopped by Connor Hellebuyck with a rebound.
9:30 of 1st period - Slapshot by Thomas Harley.
9:30 of 1st period - Shot Misses the Net.
9:32 of 1st period - Slapshot by Yegor Chinakhov.
9:32 of 1st period - Stopped by Connor Hellebuyck without a rebound.
9:33 of 1st period - Nico Hischier wins face-off versus Jack Eichel in St.Louis Blues zone.
9:34 of 1st period - Slapshot by Jason Robertson.
9:34 of 1st period - Stopped by Connor Hellebuyck without a rebound.
9:35 of 1st period - Jack Eichel wins face-off versus Nico Hischier in St.Louis Blues zone.
9:44 of 1st period - Snap shot by Jake Guentzel.
9:44 of 1st period - Shot Misses the Net.
10:27 of 1st period - Ian Cole is hit by Jaccob Slavin and loses puck.
10:50 of 1st period - Nick Jensen is hit by Elias Lindholm and loses puck.
11:51 of 1st period - Wrist shot by Drake Batherson.
11:51 of 1st period - Deflect By Brad Marchand.
11:51 of 1st period - Stopped by Connor Hellebuyck with a rebound.
12:16 of 1st period - Snap shot by Yegor Chinakhov.
12:16 of 1st period - Shot Blocked by Colton Parayko.
12:29 of 1st period - Minor Penalty to Dakota Joshua for Cross-checking.
12:30 of 1st period - Lars Eller wins face-off versus Alex Ovechkin in St.Louis Blues zone.
14:29 of 1st period - Penalty to Dakota Joshua is over, Dakota Joshua is back on ice.
14:45 of 1st period - Snap shot by Elias Pettersson.
14:45 of 1st period - Shot Misses the Net.
14:47 of 1st period - Slapshot by Dakota Joshua.
14:47 of 1st period - Goal by Dakota Joshua - Washington Capitals : 0 - St.Louis Blues : 1.
14:48 of 1st period - Nico Hischier wins face-off versus Jack Eichel in neutral zone.
14:58 of 1st period - Off-side.
14:59 of 1st period - Jack Eichel wins face-off versus Nico Hischier in neutral zone.
15:33 of 1st period - Snap shot by Brayden Point.
15:33 of 1st period - Stopped by Jake Oettinger without a rebound.
15:34 of 1st period - Mikael Backlund wins face-off versus Jack Eichel in Washington Capitals zone.
15:34 of 1st period - Mikael Backlund is hit by Jake Guentzel.
15:59 of 1st period - Icing by Brad Marchand.
16:00 of 1st period - Elias Pettersson wins face-off versus Mikael Backlund in Washington Capitals zone.
16:22 of 1st period - Nick Jensen is hit by Brandon Hagel and loses puck.
16:45 of 1st period - Wrist shot by Nico Hischier.
16:45 of 1st period - Stopped by Connor Hellebuyck without a rebound.
16:46 of 1st period - Nick Foligno wins face-off versus Elias Lindholm in St.Louis Blues zone.
16:49 of 1st period - Slapshot by Jordan Kyrou.
16:49 of 1st period - Stopped by Connor Hellebuyck without a rebound.
16:50 of 1st period - Elias Lindholm wins face-off versus Nick Foligno in St.Louis Blues zone.
16:56 of 1st period - Off-side.
16:57 of 1st period - Nico Hischier wins face-off versus Jack Eichel in neutral zone.
17:00 of 1st period - Snap shot by Jason Robertson.
17:00 of 1st period - Shot Misses the Net.
17:57 of 1st period - Off-side.
17:58 of 1st period - Jack Eichel wins face-off versus Jason Robertson in neutral zone.
18:25 of 1st period - Minor Penalty to Owen Tippett for Tripping.
18:26 of 1st period - Mikael Backlund wins face-off versus Robert Thomas in Washington Capitals zone.
18:41 of 1st period - Snap shot by Mikael Backlund.
18:41 of 1st period - Stopped by Connor Hellebuyck with a rebound.
18:43 of 1st period - Snap shot by Nick Foligno.
18:43 of 1st period - Stopped by Connor Hellebuyck with a rebound.
19:03 of 1st period - Snap shot by Elias Lindholm.
19:03 of 1st period - Stopped by Jake Oettinger without a rebound.
19:04 of 1st period - Robert Thomas wins face-off versus Mikael Backlund in Washington Capitals zone.
19:29 of 1st period - Brandon Hagel is hit by Ian Cole.
19:37 of 1st period - Slapshot by Jack Eichel.
19:37 of 1st period - Shot Blocked by Nick Jensen.
Goals for this period are 0 for Washington Capitals vs 1 for St.Louis Blues.
Shots for this period are 10 for Washington Capitals vs 10 for St.Louis Blues.
2nd period
0:01 of 2nd period - Robert Thomas wins face-off versus Michael McLeod in neutral zone.
0:25 of 2nd period - Penalty to Owen Tippett is over, Owen Tippett is back on ice.
0:37 of 2nd period - Slapshot by Jason Robertson.
0:37 of 2nd period - Shot Blocked by Jack Eichel.
0:44 of 2nd period - Off-side.
0:45 of 2nd period - Lars Eller wins face-off versus Nick Foligno in neutral zone.
0:50 of 2nd period - Wrist shot by Dakota Joshua.
0:50 of 2nd period - Shot Misses the Net.
0:52 of 2nd period - Backhand shot by Dakota Joshua.
0:52 of 2nd period - Shot Misses the Net.
0:54 of 2nd period - Slapshot by Logan O'Connor.
0:54 of 2nd period - Stopped by Jake Oettinger without a rebound.
0:55 of 2nd period - Lars Eller wins face-off versus Nick Foligno in Washington Capitals zone.
1:02 of 2nd period - Snap shot by Lars Eller.
1:02 of 2nd period - Stopped by Jake Oettinger without a rebound.
1:03 of 2nd period - Jack Eichel wins face-off versus Nico Hischier in Washington Capitals zone.
1:04 of 2nd period - Wrist shot by Jake Guentzel.
1:04 of 2nd period - Shot Misses the Net.
1:06 of 2nd period - Slapshot by Jack Eichel.
1:06 of 2nd period - Shot Misses the Net.
1:08 of 2nd period - Slapshot by Jake Guentzel.
1:08 of 2nd period - Shot Misses the Net.
1:10 of 2nd period - Wrist shot by Robert Thomas.
1:10 of 2nd period - Shot Misses the Net.
1:12 of 2nd period - Snap shot by Jack Eichel.
1:12 of 2nd period - Shot Misses the Net.
1:35 of 2nd period - Slapshot by Brayden Point.
1:35 of 2nd period - Deflect By Elias Pettersson.
1:35 of 2nd period - Shot Misses the Net.
1:35 of 2nd period - Puck is out of play.
1:36 of 2nd period - Mikael Backlund wins face-off versus Elias Pettersson in Washington Capitals zone.
1:58 of 2nd period - Wrist shot by Mikael Backlund.
1:58 of 2nd period - Shot Blocked by Brayden Point.
2:01 of 2nd period - Icing by Jaccob Slavin.
2:02 of 2nd period - Elias Pettersson wins face-off versus Nico Hischier in St.Louis Blues zone.
2:33 of 2nd period - Snap shot by Jack Eichel.
2:33 of 2nd period - Shot Misses the Net.
2:35 of 2nd period - Wrist shot by Jake Guentzel.
2:35 of 2nd period - Shot Misses the Net.
2:37 of 2nd period - Slapshot by Jaccob Slavin.
2:37 of 2nd period - Deflect By Robert Thomas.
2:37 of 2nd period - Shot Misses the Net.
2:37 of 2nd period - Puck is out of play.
2:38 of 2nd period - Jack Eichel wins face-off versus Mikael Backlund in Washington Capitals zone.
2:39 of 2nd period - Snap shot by Robert Thomas.
2:39 of 2nd period - Shot Blocked by Derek Forbort.
2:51 of 2nd period - Slapshot by Drake Batherson.
2:51 of 2nd period - Shot Misses the Net.
2:53 of 2nd period - Snap shot by Brad Marchand.
2:53 of 2nd period - Deflect By Alex Pietrangelo.
2:53 of 2nd period - Stopped by Connor Hellebuyck with a rebound.
3:48 of 2nd period - Snap shot by Michael McLeod.
3:48 of 2nd period - Shot Blocked by Jake Sanderson.
3:50 of 2nd period - Wrist shot by Brad Marchand.
3:50 of 2nd period - Shot Blocked by Jaccob Slavin.
4:06 of 2nd period - Nick Jensen is hit by Robert Thomas and loses puck.
4:37 of 2nd period - Slapshot by Jake Sanderson.
4:37 of 2nd period - Shot Blocked by Nick Jensen.
5:13 of 2nd period - Robert Thomas is hit by Jordan Kyrou and loses puck.
5:42 of 2nd period - Snap shot by Lars Eller.
5:42 of 2nd period - Shot Misses the Net.
6:43 of 2nd period - Minor Penalty to John Carlson for Holding.
6:44 of 2nd period - Jake Guentzel wins face-off versus Mikael Backlund in Washington Capitals zone.
7:21 of 2nd period - Slapshot by Jack Eichel.
7:21 of 2nd period - Shot Blocked by Ian Cole.
8:43 of 2nd period - Penalty to John Carlson is over, John Carlson is back on ice.
8:59 of 2nd period - Wrist shot by Dakota Joshua.
8:59 of 2nd period - Shot Blocked by Nick Jensen.
9:01 of 2nd period - Wrist shot by Lars Eller.
9:01 of 2nd period - Stopped by Jake Oettinger with a rebound.
9:03 of 2nd period - Slapshot by Dakota Joshua.
9:03 of 2nd period - Goal by Dakota Joshua - Washington Capitals : 0 - St.Louis Blues : 2.
9:04 of 2nd period - Nico Hischier wins face-off versus Elias Lindholm in neutral zone.
9:13 of 2nd period - Slapshot by Jason Robertson.
9:13 of 2nd period - Stopped by Connor Hellebuyck without a rebound.
9:14 of 2nd period - Nico Hischier wins face-off versus Elias Lindholm in St.Louis Blues zone.
9:15 of 2nd period - Wrist shot by Jason Robertson.
9:15 of 2nd period - Stopped by Connor Hellebuyck with a rebound.
9:33 of 2nd period - Wrist shot by Alex Tuch.
9:33 of 2nd period - Shot Misses the Net.
9:35 of 2nd period - Slapshot by Mark Stone.
9:35 of 2nd period - Goal by Mark Stone - Washington Capitals : 0 - St.Louis Blues : 3.
9:36 of 2nd period - Jack Eichel wins face-off versus Nick Foligno in neutral zone.
10:03 of 2nd period - Brayden Point is hit by Nico Hischier.
10:07 of 2nd period - Snap shot by Brayden Point.
10:07 of 2nd period - Stopped by Jake Oettinger with a rebound.
10:09 of 2nd period - Snap shot by Brayden Point.
10:09 of 2nd period - Stopped by Jake Oettinger with a rebound.
10:31 of 2nd period - Snap shot by Drake Batherson.
10:31 of 2nd period - Deflect By Elias Lindholm.
10:31 of 2nd period - Stopped by Connor Hellebuyck without a rebound.
10:32 of 2nd period - Jack Eichel wins face-off versus Nick Foligno in St.Louis Blues zone.
10:43 of 2nd period - Robert Thomas is hit by Jordan Kyrou and loses puck.
11:25 of 2nd period - Backhand shot by Elias Pettersson.
11:25 of 2nd period - Stopped by Jake Oettinger without a rebound.
11:26 of 2nd period - Elias Pettersson wins face-off versus Mikael Backlund in Washington Capitals zone.
11:38 of 2nd period - Snap shot by Brad Marchand.
11:38 of 2nd period - Stopped by Connor Hellebuyck without a rebound.
11:39 of 2nd period - Mikael Backlund wins face-off versus Jack Eichel in St.Louis Blues zone.
11:45 of 2nd period - Penalty Shot by Jake Guentzel for St.Louis Blues.
11:45 of 2nd period - Deke by Jake Guentzel.
11:45 of 2nd period - Stopped by Jake Oettinger.
11:46 of 2nd period - Nico Hischier wins face-off versus Jack Eichel in St.Louis Blues zone.
11:56 of 2nd period - Wrist shot by Alex Ovechkin.
11:56 of 2nd period - Stopped by Connor Hellebuyck without a rebound.
11:57 of 2nd period - Mikael Backlund wins face-off versus Jack Eichel in St.Louis Blues zone.
12:54 of 2nd period - Snap shot by Jordan Kyrou.
12:54 of 2nd period - Shot Misses the Net.
12:56 of 2nd period - Slapshot by Derek Forbort.
12:56 of 2nd period - Deflect By Jordan Kyrou.
12:56 of 2nd period - Shot Misses the Net.
12:56 of 2nd period - Puck is out of play.
12:57 of 2nd period - Jack Eichel wins face-off versus Mikael Backlund in St.Louis Blues zone.
13:50 of 2nd period - Alex Tuch is hit by Fabian Zetterlund and loses puck.
15:34 of 2nd period - Snap shot by Jack Eichel.
15:34 of 2nd period - Stopped by Jake Oettinger with a rebound.
16:05 of 2nd period - Icing by Thomas Harley.
16:06 of 2nd period - Jake Guentzel wins face-off versus Mikael Backlund in Washington Capitals zone.
16:21 of 2nd period - Backhand shot by Mikael Backlund.
16:21 of 2nd period - Shot Blocked by Alex Pietrangelo.
16:23 of 2nd period - Backhand shot by Derek Forbort.
16:23 of 2nd period - Stopped by Connor Hellebuyck with a rebound.
16:25 of 2nd period - Snap shot by Drake Batherson.
16:25 of 2nd period - Shot Misses the Net.
16:27 of 2nd period - Snap shot by Mikael Backlund.
16:27 of 2nd period - Shot Misses the Net.
16:29 of 2nd period - Slapshot by Drake Batherson.
16:29 of 2nd period - Stopped by Connor Hellebuyck without a rebound.
16:30 of 2nd period - Nico Hischier wins face-off versus Elias Pettersson in St.Louis Blues zone.
16:38 of 2nd period - Slapshot by Alex Ovechkin.
16:38 of 2nd period - Stopped by Connor Hellebuyck without a rebound.
16:39 of 2nd period - Nico Hischier wins face-off versus Elias Pettersson in St.Louis Blues zone.
16:42 of 2nd period - Snap shot by Alex Ovechkin.
16:42 of 2nd period - Shot Blocked by Elias Pettersson.
16:48 of 2nd period - Snap shot by Nico Hischier.
16:48 of 2nd period - Shot Misses the Net.
16:50 of 2nd period - Wrist shot by Alex Ovechkin.
16:50 of 2nd period - Stopped by Connor Hellebuyck with a rebound.
16:52 of 2nd period - Snap shot by Jason Robertson.
16:52 of 2nd period - Deflect By Nico Hischier.
16:52 of 2nd period - Shot Misses the Net.
16:52 of 2nd period - Puck is out of play.
16:53 of 2nd period - Nick Foligno wins face-off versus Jake Guentzel in St.Louis Blues zone.
17:12 of 2nd period - Thomas Harley is hit by Jake Guentzel and loses puck.
17:45 of 2nd period - Wrist shot by Nick Foligno.
17:45 of 2nd period - Shot Misses the Net.
17:47 of 2nd period - Snap shot by Jordan Kyrou.
17:47 of 2nd period - Stopped by Connor Hellebuyck without a rebound.
17:48 of 2nd period - Nico Hischier wins face-off versus Elias Pettersson in St.Louis Blues zone.
18:07 of 2nd period - Nick Jensen is hit by Elias Pettersson.
18:25 of 2nd period - Wrist shot by Alex Tuch.
18:25 of 2nd period - Shot Misses the Net.
18:27 of 2nd period - Slapshot by Jake Sanderson.
18:27 of 2nd period - Deflect By Brad Marchand.
18:27 of 2nd period - Stopped by Jake Oettinger without a rebound.
18:28 of 2nd period - Mikael Backlund wins face-off versus Elias Lindholm in Washington Capitals zone.
18:33 of 2nd period - Snap shot by Mark Stone.
18:33 of 2nd period - Stopped by Jake Oettinger without a rebound.
18:34 of 2nd period - Elias Lindholm wins face-off versus Mikael Backlund in Washington Capitals zone.
18:37 of 2nd period - Wrist shot by Alex Tuch.
18:37 of 2nd period - Stopped by Jake Oettinger with a rebound.
18:39 of 2nd period - Wrist shot by Colton Parayko.
18:39 of 2nd period - Shot Blocked by Drake Batherson.
18:41 of 2nd period - Slapshot by Colton Parayko.
18:41 of 2nd period - Stopped by Jake Oettinger with a rebound.
18:43 of 2nd period - Snap shot by Alex Pietrangelo.
18:43 of 2nd period - Stopped by Jake Oettinger with a rebound.
19:32 of 2nd period - Wrist shot by Fabian Zetterlund.
19:32 of 2nd period - Shot Misses the Net.
19:41 of 2nd period - Icing by Fabian Zetterlund.
19:42 of 2nd period - Michael McLeod wins face-off versus Lars Eller in Washington Capitals zone.
Goals for this period are 0 for Washington Capitals vs 2 for St.Louis Blues.
Shots for this period are 11 for Washington Capitals vs 14 for St.Louis Blues.
3rd period
0:01 of 3rd period - Jack Eichel wins face-off versus Nico Hischier in neutral zone.
0:06 of 3rd period - Wrist shot by Jack Eichel.
0:06 of 3rd period - Shot Blocked by Alex Ovechkin.
0:51 of 3rd period - Colton Parayko is hit by Derek Forbort and loses puck.
1:16 of 3rd period - Wrist shot by Yegor Chinakhov.
1:16 of 3rd period - Shot Misses the Net.
1:46 of 3rd period - Slapshot by Jake Guentzel.
1:46 of 3rd period - Shot Misses the Net.
2:44 of 3rd period - Snap shot by Lars Eller.
2:44 of 3rd period - Shot Misses the Net.
3:00 of 3rd period - Wrist shot by Nico Hischier.
3:00 of 3rd period - Shot Misses the Net.
3:02 of 3rd period - Slapshot by Thomas Harley.
3:02 of 3rd period - Shot Misses the Net.
3:04 of 3rd period - Snap shot by Jason Robertson.
3:04 of 3rd period - Stopped by Connor Hellebuyck with a rebound.
3:06 of 3rd period - Slapshot by Thomas Harley.
3:06 of 3rd period - Deflect By Alex Ovechkin.
3:06 of 3rd period - Shot Misses the Net.
3:06 of 3rd period - Puck is out of play.
3:07 of 3rd period - Mikael Backlund wins face-off versus Jack Eichel in St.Louis Blues zone.
3:39 of 3rd period - Slapshot by Thomas Harley.
3:39 of 3rd period - Goal by Thomas Harley - Washington Capitals : 1 - St.Louis Blues : 3.
3:40 of 3rd period - Nick Foligno wins face-off versus Jack Eichel in neutral zone.
4:06 of 3rd period - Brandon Hagel is hit by Nico Hischier.
4:23 of 3rd period - Icing by Jason Robertson.
4:24 of 3rd period - Mikael Backlund wins face-off versus Elias Lindholm in Washington Capitals zone.
4:24 of 3rd period - Mikael Backlund is hit by Alex Tuch.
5:39 of 3rd period - Slapshot by Thomas Harley.
5:39 of 3rd period - Stopped by Connor Hellebuyck with a rebound.
5:57 of 3rd period - Slapshot by Thomas Harley.
5:57 of 3rd period - Shot Misses the Net.
5:59 of 3rd period - Slapshot by Mikael Backlund.
5:59 of 3rd period - Goal by Mikael Backlund - Washington Capitals : 2 - St.Louis Blues : 3.
6:00 of 3rd period - Jack Eichel wins face-off versus Jason Robertson in neutral zone.
6:31 of 3rd period - Snap shot by Brayden Point.
6:31 of 3rd period - Stopped by Jake Oettinger without a rebound.
6:32 of 3rd period - Nick Foligno wins face-off versus Elias Pettersson in Washington Capitals zone.
6:39 of 3rd period - Wrist shot by Owen Tippett.
6:39 of 3rd period - Stopped by Connor Hellebuyck without a rebound.
6:40 of 3rd period - Jack Eichel wins face-off versus Mikael Backlund in St.Louis Blues zone.
6:49 of 3rd period - Brad Marchand is hit by Alex Pietrangelo and loses puck.
7:06 of 3rd period - Ian Cole is hit by Alex Pietrangelo and loses puck.
7:11 of 3rd period - Wrist shot by Elias Pettersson.
7:11 of 3rd period - Stopped by Jake Oettinger without a rebound.
7:12 of 3rd period - Nick Foligno wins face-off versus Elias Pettersson in Washington Capitals zone.
7:16 of 3rd period - John Carlson is hit by Elias Pettersson and loses puck.
7:23 of 3rd period - Snap shot by Brandon Hagel.
7:23 of 3rd period - Shot Blocked by Jamie Oleksiak.
7:25 of 3rd period - Slapshot by Jaccob Slavin.
7:25 of 3rd period - Shot Blocked by John Carlson.
7:27 of 3rd period - Slapshot by Brandon Hagel.
7:27 of 3rd period - Stopped by Jake Oettinger without a rebound.
7:28 of 3rd period - Mikael Backlund wins face-off versus Jack Eichel in Washington Capitals zone.
7:43 of 3rd period - Snap shot by Brad Marchand.
7:43 of 3rd period - Stopped by Connor Hellebuyck without a rebound.
7:44 of 3rd period - Nico Hischier wins face-off versus Elias Pettersson in St.Louis Blues zone.
9:00 of 3rd period - Wrist shot by Lars Eller.
9:00 of 3rd period - Deflect By Dakota Joshua.
9:00 of 3rd period - Stopped by Jake Oettinger without a rebound.
9:01 of 3rd period - Nico Hischier wins face-off versus Jack Eichel in Washington Capitals zone.
9:03 of 3rd period - Minor Penalty to Jason Robertson for Roughing.
9:04 of 3rd period - Robert Thomas wins face-off versus Brad Marchand in Washington Capitals zone.
9:30 of 3rd period - Nick Jensen is hit by Elias Lindholm.
10:03 of 3rd period - Jamie Oleksiak is hit by Mikhail Sergachev and loses puck.
11:03 of 3rd period - Penalty to Jason Robertson is over, Jason Robertson is back on ice.
11:16 of 3rd period - Slapshot by Jason Robertson.
11:16 of 3rd period - Stopped by Connor Hellebuyck with a rebound.
11:18 of 3rd period - Snap shot by Nico Hischier.
11:18 of 3rd period - Stopped by Connor Hellebuyck without a rebound.
11:19 of 3rd period - Jason Robertson wins face-off versus Lars Eller in St.Louis Blues zone.
11:59 of 3rd period - Colton Parayko is hit by Derek Forbort.
12:33 of 3rd period - Slapshot by Fabian Zetterlund.
12:33 of 3rd period - Shot Misses the Net.
12:35 of 3rd period - Snap shot by Yegor Chinakhov.
12:35 of 3rd period - Shot Blocked by Robert Thomas.
12:37 of 3rd period - Slapshot by Thomas Harley.
12:37 of 3rd period - Shot Blocked by Jaccob Slavin.
13:07 of 3rd period - Brandon Hagel is hit by Jordan Kyrou and loses puck.
13:32 of 3rd period - Jamie Oleksiak is hit by Alex Tuch and loses puck.
14:07 of 3rd period - Major / Game Misconduct Penalty to John Carlson for Attempt to injure.
14:07 of 3rd period - John Carlson is ejected from game.
14:08 of 3rd period - Michael McLeod wins face-off versus Robert Thomas in Washington Capitals zone.
16:21 of 3rd period - Jake Guentzel is hit by Yegor Chinakhov and loses puck.
16:26 of 3rd period - Slapshot by Jordan Kyrou.
16:26 of 3rd period - Stopped by Connor Hellebuyck without a rebound.
16:27 of 3rd period - Elias Lindholm wins face-off versus Jordan Kyrou in St.Louis Blues zone.
16:48 of 3rd period - Mikhail Sergachev is hit by Mikael Backlund and loses puck.
17:13 of 3rd period - Michael McLeod is hit by Dakota Joshua and loses puck.
19:07 of 3rd period - Penalty to John Carlson is over, Yegor Chinakhov is send on ice.
19:08 of 3rd period - Washington Capitals, Jake Oettinger is pulled from the net.
19:24 of 3rd period - Alex Ovechkin is hit by Robert Thomas and loses puck.
19:31 of 3rd period - Slapshot by Lars Eller.
19:31 of 3rd period - Shot Misses the Net.
19:34 of 3rd period - Icing by Yegor Chinakhov.
19:35 of 3rd period - Jake Oettinger from Washington Capitals was sent back in the game.
19:35 of 3rd period - Nico Hischier wins face-off versus Lars Eller in Washington Capitals zone.
19:40 of 3rd period - Washington Capitals, Jake Oettinger is pulled from the net.
19:40 of 3rd period - Snap shot by Jason Robertson.
19:40 of 3rd period - Shot Misses the Net.
19:42 of 3rd period - Slapshot by Nico Hischier.
19:42 of 3rd period - Stopped by Connor Hellebuyck with a rebound.
19:44 of 3rd period - Snap shot by Thomas Harley.
19:44 of 3rd period - Stopped by Connor Hellebuyck without a rebound.
19:45 of 3rd period - Ken Hitchcock call a timeout for Washington Capitals.
19:45 of 3rd period - Nico Hischier wins face-off versus Lars Eller in St.Louis Blues zone.
Goals for this period are 2 for Washington Capitals vs 0 for St.Louis Blues.
Shots for this period are 11 for Washington Capitals vs 4 for St.Louis Blues.
Back to the Top